 Dungeon Crawl Stone Soup version 0.23-a0-481-g60b89c1 (webtiles) character file.

91 Leeroy the Grasshopper (level 4, -2/38 HPs)
             Began as a Gnoll Warper on Nov 29, 2018.
             Slain by an orc (5 damage)
             ... on level 3 of the Dungeon.
             The game lasted 00:16:06 (1657 turns).

Leeroy the Grasshopper (Gnoll Warper)               Turns: 1657, Time: 00:16:07

Health: -2/38      AC:  3    Str: 11 (14) XL:     4   Next: 59%
Magic:  11/11      EV: 13    Int: 14 (16) God:
Gold:   139        SH:  0    Dex: 11 (14) Spells: 13/13 levels left

rFire    + . .     SeeInvis .   a - +0 falchion
rCold    + . .     Gourm    .   (no shield)
rNeg     . . .     Faith    .   b - +0 leather armour
rPois    +         Spirit   .   (no helmet)
rElec    +         Reflect  .   (no cloak)
rCorr    +         Harm     .   (no gloves)
MR       .....                  (no boots)
Stlth    +.........             (no amulet)
HPRegen  0.12/turn              (no ring)
MPRegen  0.12/turn              (no ring)

@: resistant, hasted and slowed
A: distributed training, fangs 1, strong nose
a: no special abilities


You were on level 3 of the Dungeon.
You were hungry.

You visited 1 branch of the dungeon, and saw 3 of its levels.

You collected 139 gold pieces.

Inventory:

Hand Weapons
 a - a +0 falchion (weapon)
 g - a +0 short sword
 j - a +0 club
 o - a cursed -1 mace
 q - a +0 dagger
 r - a +0 whip
 s - a +0 dagger
 v - a +0 club
 D - a +0 short sword
 H - a +0 club
 I - a +0 hand axe
Missiles
 c - 15 tomahawks
 e - 5 tomahawks of dispersal (quivered)
 n - 21 arrows
 p - 24 bolts
 u - 67 stones
 z - 7 needles of confusion
Armour
 b - a +0 leather armour (worn)
 i - a +0 robe
 x - a +0 leather armour
 J - a +0 scale mail
Jewellery
 C - a cursed ring of attention {unknown}
Scrolls
 d - 2 scrolls of blinking
 h - a scroll of fear {unknown}
 k - 3 scrolls of remove curse {unknown}
 m - 2 scrolls of amnesia {unknown}
 w - 3 scrolls of identify {unknown}
 y - 2 scrolls of magic mapping {unknown}
Potions
 l - a potion of cancellation
Comestibles
 f - 4 rations
 E - 3 chunks of flesh


   Skills:
 + Level 4.6 Fighting
 + Level 1.1 Short Blades
 + Level 4.6 Long Blades
 + Level 1.1 Axes
 + Level 1.1 Maces & Flails
 + Level 1.1 Polearms
 + Level 1.1 Staves
 + Level 1.1 Slings
 + Level 1.1 Bows
 + Level 1.1 Crossbows
 + Level 2.7 Throwing
 + Level 2.7 Armour
 + Level 4.6 Dodging
 + Level 1.1 Stealth
 + Level 1.1 Shields
 + Level 1.1 Unarmed Combat
 + Level 5.1 Spellcasting
 + Level 0.9 Conjurations
 + Level 0.9 Hexes
 + Level 0.9 Charms
 + Level 0.9 Summonings
 + Level 0.9 Necromancy
 + Level 5.4 Translocations
 + Level 0.9 Transmutations
 + Level 0.9 Fire Magic
 + Level 0.9 Ice Magic
 + Level 0.9 Air Magic
 + Level 0.9 Earth Magic
 + Level 0.9 Poison Magic
 + Level 1.2 Invocations
 + Level 1.1 Evocations


You had 13 spell levels left.
You didn't know any spells.
Your spell library contained the following spells:

 Spells                   Type           Power        Failure   Level  Hunger
 Blink                    Tloc           N/A          3%          2    ##.....
 Gell's Gravitas          Tloc           ###.......   7%          3    ###....
 Lesser Beckoning         Tloc           ###.......   7%          3    ###....
 Teleport Other           Tloc           ###.....     7%          3    ###....
 Shroud of Golubria       Chrm/Tloc      ##........   9%          2    ##.....
 Passage of Golubria      Tloc           N/A          22%         4    ####...


Dungeon Overview and Level Annotations

Branches:
Dungeon (3/15)

Altars:
Ashenzari
Hepliaklqana


Innate Abilities, Weirdness & Mutations

Your experience applies equally to all skills.
You have very sharp teeth.
Your uncanny sense of smell can sniff out nearby items.


Message History

It was a potion of haste.
You feel yourself speed up.
The orc wizard gestures wildly while chanting.
The orc wizard blinks!
The orc misses you.
It was a potion of degeneration.
There was something very wrong with that liquid.
You feel weakened.
You feel dopey.
You feel clumsy. The orc barely misses you.
You completely miss the orc.
The orc wizard casts a spell.
The orc wizard blinks!
The orc hits you.
* * * LOW HITPOINT WARNING * * *
You barely miss the orc. The orc closely misses you.
You riposte.
You hit the orc. Your bite misses the orc.
The orc is moderately wounded.
The orc wizard mumbles some strange words.
The orc wizard blinks!
You closely miss the orc.
The orc is moderately wounded.
The orc hits you.
You die...

#...........#.....#..<....#####
#...........#.#.#####.....#
#...........#.#...........#
#######..####.#..........##
######.#........###....#
#...............# ##.#.#
#...........oo..# .#.#
#.....((..###o#.# .#.#
#.........# #@#.# ##.#.##
#.........# #.#o# #.r...#
#.........# #.#o# #.....###
...........# #§#†###........
...#######.# #.#ob.b.o......
... #.# #(#####........ ..
#.###.#####........
#.........#..o[....
##........#l.......


You could see 3 orcs.

Vanquished Creatures
  3 adders
  2 oozes (D:2)
  2 dart slugs
  2 leopard geckos (D:2)
  4 orcs (D:3)
  8 bats
  2 hobgoblins
  7 jackals
  A ball python (D:2)
  3 frilled lizards
  3 goblins (D:1)
  4 kobolds
  6 rats
47 creatures vanquished.

Notes
Turn   | Place    | Note
-------+----------+-------------------------------------------
     0 | D:1      | Leeroy the Gnoll Warper began the quest for the Orb.
     0 | D:1      | Reached XP level 1. HP: 20/20 MP: 6/6
   191 | D:1      | Reached XP level 2. HP: 20/26 MP: 7/7
  1140 | D:2      | Found a hazy altar of Hepliaklqana.
  1148 | D:2      | Reached XP level 3. HP: 28/31 MP: 9/9
  1153 | D:2      | Reached skill level 5 in Spellcasting
  1214 | D:2      | Reached skill level 1 in Invocations
  1405 | D:2      | Reached skill level 1 in Short Blades
  1405 | D:2      | Reached skill level 1 in Axes
  1405 | D:2      | Reached skill level 1 in Maces & Flails
  1405 | D:2      | Reached skill level 1 in Polearms
  1405 | D:2      | Reached skill level 1 in Staves
  1405 | D:2      | Reached skill level 1 in Slings
  1405 | D:2      | Reached skill level 1 in Bows
  1405 | D:2      | Reached skill level 1 in Crossbows
  1405 | D:2      | Reached skill level 1 in Stealth
  1405 | D:2      | Reached skill level 1 in Shields
  1405 | D:2      | Reached skill level 1 in Unarmed Combat
  1405 | D:2      | Reached skill level 1 in Evocations
  1410 | D:2      | Found a shattered altar of Ashenzari.
  1435 | D:2      | Reached XP level 4. HP: 31/38 MP: 11/11
  1657 | D:3      | Slain by an orc

Vault maps used:
D:1:      dpeg_arrival_stonehenge_8_columns, serial_corexii_hall,
          corexii_hall_statues_x, corexii_hall_statues_s,
          chequers_serial_rivers_small_b
D:2:      overflow_temple_1_default, ashenzari_altar_1,
          lemuel_coloured_pillars_altar
D:3:      first_ration

Skill      XL: |  1  2  3 |
---------------+----------+-----
Spellcasting   | 5 |  5.1
Invocations    | 1 |  1.2
Short Blades   | 1 |  1.1
Axes           | 1 |  1.1
Maces & Flails | 1 |  1.1
Polearms       | 1 |  1.1
Staves         | 1 |  1.1
Slings         | 1 |  1.1
Bows           | 1 |  1.1
Crossbows      | 1 |  1.1
Stealth        | 1 |  1.1
Shields        | 1 |  1.1
Unarmed Combat | 1 |  1.1
Evocations     | 1 |  1.1
Fighting       | |  4.6
Long Blades    | |  4.6
Throwing       | |  2.7
Armour         | |  2.7
Dodging        | |  4.6
Conjurations   | |  0.9
Hexes          | |  0.9
Charms         | |  0.9
Summonings     | |  0.9
Necromancy     | |  0.9
Translocations | |  5.4
Transmutations | |  0.9
Fire Magic     | |  0.9
Ice Magic      | |  0.9
Air Magic      | |  0.9
Earth Magic    | |  0.9
Poison Magic   | |  0.9

Action                   |  1- 3 |  4- 6 || total
-------------------------+-------+-------++-------
Melee: Falchion          |    90 |    58 ||   148
       Bite              |    15 |     7 ||    22
Throw: Tomahawk          |     3 |       ||     3
  Use: Potion            |       |     7 ||     7
 Stab: Sleeping          |     1 |       ||     1
  Eat: Chunk             |     2 |       ||     2
Armor: Leather armour    |    28 |    19 ||    47
Dodge: Dodged            |    97 |    65 ||   162
       Rpst.: Falchion   |    23 |    20 ||    43

Table legend:
 A = Non-vault XP
 B = Vault XP
 C = Vault XP percentage of total XP
 D = Non-vault monster count
 E = Vault monster count
 F = Vault count percentage of total count
                 A         B        C        D         E       F
            +---------+---------+-------+---------+---------+-------
      Total |     131 |       0 |   0.0 |      47 |       0 |   0.0
            +---------+---------+-------+---------+---------+-------
        D:1 |      30 |       0 |   0.0 |      17 |       0 |   0.0
        D:2 |      61 |       0 |   0.0 |      16 |       0 |   0.0
        D:3 |      40 |       0 |   0.0 |      14 |       0 |   0.0
            +---------+---------+-------+---------+---------+-------
